 Dungeon Crawl Stone Soup version 0.29.0 (webtiles) character file.

Game seed: 16665140360391112247

12693 Dorkslayer the Carver (level 11, 0/86 HPs)
             Began as a Demonspawn Fighter on Sept 15, 2022.
             Was an Initiate of Gozag.
             Killed by the air
             ... invoked by Gastronok
              (38 damage)
             ... on level 12 of the Dungeon.
             The game lasted 00:35:31 (11165 turns).

Dorkslayer the Carver (Demonspawn Fighter)         Turns: 11165, Time: 00:35:32

Health: 0/86       AC: 25    Str: 20    XL:     11   Next: 65%
Magic:  11/11      EV: 11    Int: 17    God:    Gozag
Gold:   1608       SH:  7    Dex: 14    Spells: 10/10 levels left

rFire   + . .      SeeInvis .   p - +1 scimitar (freeze)
rCold   + . .      Faith    .   v - +1 buckler
rNeg    . . .      Spirit   .   g - +6 plate armour "Feasm" {Will+ Regen+ Int+4 Dex-4}
rPois   +          Reflect  .   M - +0 helmet of the End {rPois Int+2}
rElec   .          Harm     .   H - scarf {rC+ rF+}
rCorr   .          Rampage  .   b - +0 pair of gloves
Will    +....                   x - +0 pair of boots
Stlth   ..........              P - amulet of the acrobat
HPRegen 1.04/turn               q - +6 ring of dexterity
MPRegen 0.12/turn               y - +4 ring of evasion

@: gold aura
A: claws 2, yellow scales 2, icemail 1, spiny 1, condensation shield
a: Renounce Religion, Potion Petition, Call Merchant, Bribe Branch


You were on level 12 of the Dungeon.
You worshipped Gozag.
Gozag was most pleased with you.
You visited 2 branches of the dungeon, and saw 13 of its levels.

You collected 3015 gold pieces.
You spent 1354 gold pieces at shops.
You paid 53 gold pieces to Gozag.

Inventory:

Hand Weapons
 a - a +0 long sword
 p - a +1 scimitar of freezing (weapon)
Missiles
 s - 8 boomerangs (quivered)
 F - 3 throwing nets
 L - 2 boomerangs of dispersal
Armour
 b - a +0 pair of gloves (worn)
 g - the +6 plate armour "Feasm" (worn) {Will+ Regen+ Int+4 Dex-4}
   (You bought it in a shop on level 4 of the Dungeon)

   Int:       It affects your intelligence (+4).
   Dex:       It affects your dexterity (-4).
   Regen:     It increases your rate of health regeneration.
   Will:      It increases your willpower.
 m - a +0 cloak
 v - a +1 buckler (worn)
 x - a +0 pair of boots (worn)
 H - a scarf of resistance (worn)
 M - the +0 helmet of the End (worn) {rPois Int+2}
   (You found it on level 7 of the Dungeon)

   Int:       It affects your intelligence (+2).
   rPois:     It protects you from poison.
Jewellery
 f - a ring of protection from cold
 q - a +6 ring of dexterity (left hand)
 w - a ring of protection from fire
 y - a +4 ring of evasion (right hand)
 P - an amulet of the acrobat (around neck)
Wands
 A - a wand of digging (6)
 D - a wand of iceblast (12)
 E - a wand of mindburst (16)
 G - a wand of paralysis (5)
 J - a wand of flame (45)
 K - a wand of polymorph (7)
Scrolls
 h - a scroll of blinking
 n - 3 scrolls of enchant armour
 t - 3 scrolls of poison
 z - 2 scrolls of fog
 B - 3 scrolls of magic mapping
 N - a scroll of brand weapon
 O - a scroll of teleportation
 S - 2 scrolls of enchant weapon
Potions
 c - a potion of berserk rage {unknown}
 d - a potion of might
 e - 3 potions of cancellation
 i - 2 potions of lignification {unknown}
 j - 9 potions of curing
 k - 4 potions of brilliance
 l - 3 potions of mutation
 o - 3 potions of heal wounds
 r - a potion of resistance
 u - 4 potions of ambrosia
 I - a potion of magic {unknown}
Miscellaneous
 Q - a box of beasts (inert)


   Skills:
 * Level 8.0 Fighting
 + Level 9.7 Long Blades
 * Level 3.4 Throwing
 + Level 6.5 Armour
 + Level 2.9 Dodging
 + Level 3.5 Stealth
 + Level 7.0 Shields
 * Level 7.7 Evocations


You had 10 spell levels left.
You didn't know any spells.
Your spell library contained the following spells:

 Spells                   Type           Power      Damage    Failure   Level
 Apportation              Tloc           0%         N/A       100%        1
 Freeze                   Ice            0%         1d3       100%        1
 Shock                    Conj/Air       0%         1d3       100%        1
 Sublimation of Blood     Necr           0%         N/A       100%        2
 Wereblood                Tmut           0%         N/A       100%        2
 Dazzling Flash           Conj/Hex       0%         N/A       100%        3
 Frozen Ramparts          Ice            0%         1d1       100%        3
 Swiftness                Air            0%         N/A       100%        3
 Airstrike                Air            0%         2d(0-16)  100%        4
 Hailstorm                Conj/Ice       0%         3d3       100%        4
 Agony                    Necr           0%         N/A       100%        5
 Alistair's Intoxication  Tmut/Pois      0%         N/A       100%        5
 Silence                  Hex/Air        0%         N/A       100%        5
 Summon Hydra             Summ           0%         N/A       100%        7


Dungeon Overview and Level Annotations

Branches:
Dungeon (12/15)            Temple (1/1) D:4            Lair (0/5) D:8
    Orc (0/2) D:12

Altars:
Cheibriados
Fedhas
Gozag
Hepliaklqana
Kikubaaqudgha
Okawaru
Qazlal
Sif Muna
Trog
Vehumet
Wu Jian

Shops:
D:4 *   D:10 *

Portals:
Trove: D:10 (give +7 demon trident)

Annotations:
D:12 1 runed translucent door, Azrael, Gastronok, Urug


Innate Abilities, Weirdness & Mutations

You have very sharp fingernails.
You are mostly covered in yellow scales. (AC +3)
A meltable icy envelope protects you from harm. (AC +0)
You are partially covered in sharp spines.
A meltable shield of frost defends you. (SH +0)


Message History

The iceblast engulfs the hell hound!!
The hell hound is frozen!
The hell hound is almost dead.
You block the hell hound's attack.
Urug hits you from afar with a +4 demon trident of venom.
Gastronok bubbles merrily.
Aiming: Iceblast
Press: ? - help, Shift-Dir - straight line, p - Gastronok The mass of ice explodes!
The iceblast engulfs the hell hound!!
The hell hound is frozen!
You kill the hell hound!
The iceblast engulfs the hell hound!!
The hell hound is frozen!
You kill the hell hound!
The iceblast engulfs Gastronok!!
Gastronok is severely wounded.
The iceblast engulfs Urug!
Urug is moderately wounded.
Urug throws a javelin.
The javelin pierces through you.
A fire elemental comes into view.
Unknown command.
Aiming: Iceblast
Press: ? - help, Shift-Dir - straight line, f - fire elemental
Aim: a fire elemental The mass of ice explodes!
The iceblast engulfs the fire elemental!
The fire elemental is frozen!
The fire elemental is heavily damaged.
The iceblast engulfs Gastronok!
Gastronok is severely wounded.
The iceblast engulfs Urug!!
Urug is heavily wounded.
The hell hound is distracted by your dazzling golden aura.
Urug throws a javelin.
The javelin pierces through you but does no damage.
Azrael gestures at you.
The sphere of damnation explodes!
The damnation engulfs you!!
The fire elemental is distracted by your dazzling golden aura.
Gastronok waves his eye-stalks in wide circles.
The air twists around and strikes you!!!
You die...
Your body crumbles into a pile of gold.

########################
........................
........................
........................
...................#....
..................###...
.................## ##..
....#@$w........###...
.. ##$E.......?.#....
##o○.............
#$hRE............
#.☼.°.............
....☼°.............
...h.○..###.........
...E..○...###.........
...○.☼....###.........


You could see Gastronok (swift), Azrael, Urug, 2 fire elementals and a hell
hound (unaware).

Vanquished Creatures
  A two-headed ogre (D:10)
  Pikel (D:7)
  A manticore (D:12)
  Maurice (D:8)
  3 unseen horrors
  A gargoyle (D:11)
  A kobold demonologist (D:11)
  Psyche (D:12)
  Maggie (D:7)
  4 trolls
  Prince Ribbit (D:5)
  A wyvern (D:10)
  9 yaks (D:9)
  Eustachio (D:5)
  7 vampire mosquitoes
  A steam dragon (D:9)
  4 hell hounds (D:12)
  3 acid dragons
  Duvessa (D:4)
  4 water moccasins (D:8)
  An ice beast (D:6)
  4 orc warriors
  5 black bears
  An ogre (D:5)
  4 centaurs
  A kobold brigand (D:9)
  A gnoll sergeant (D:10)
  5 scorpions
  3 bullfrogs
  Dowan (D:4)
  5 howler monkeys
  15 killer bees
  3 jellies
  2 hounds (D:3)
  Crazy Yiuf (D:4)
  6 orc priests
  Ijyb (D:5)
  8 iguanas
  14 orc wizards
  Natasha (thrice) (D:4)
  6 gnolls
  4 adders
  2 shadow imps (D:6)
  A white imp (D:7)
  2 ufetubi (D:5)
  A worm (D:3)
  A dart slug (D:1)
  58 orcs
  5 ball pythons
  3 endoplasms
  2 giant cockroaches
  3 goblins
  8 hobgoblins
  4 jackals
  15 kobolds
  3 quokkas
  5 bats
  A frilled lizard (D:2)
  4 rats
259 creatures vanquished.

Vanquished Creatures (collateral kills)
  A troll (D:11)
1 creature vanquished.

Vanquished Creatures (others)
  38 fungi (D:8)
  33 plants (D:8)
71 creatures vanquished.

Grand Total: 331 creatures vanquished

Notes
Turn   | Place    | Note
-------+----------+-------------------------------------------
     0 | D:1      | Dorkslayer the Demonspawn Fighter began the quest for the
                  | Orb.
     0 | D:1      | Reached XP level 1. HP: 18/18 MP: 1/1
   360 | D:1      | Gained mutation: A meltable shield of frost defends you.
                  | (SH +0) [demonic ancestry]
   360 | D:1      | Reached XP level 2. HP: 13/24 MP: 2/2
   865 | D:2      | Reached skill level 2 in Long Blades
  1197 | D:2      | Reached XP level 3. HP: 24/29 MP: 3/3
  1356 | D:2      | Reached skill level 1 in Dodging
  1430 | D:2      | Found a faded altar of an unknown god.
  1655 | D:2      | Reached skill level 3 in Long Blades
  1655 | D:2      | Gained mutation: You are partially covered in sharp spines.
                  | [demonic ancestry]
  1655 | D:2      | Reached XP level 4. HP: 18/35 MP: 4/4
  1858 | D:3      | Gained mutation: You are partially covered in yellow
                  | scales. (AC +2) [demonic ancestry]
  1858 | D:3      | Reached XP level 5. HP: 29/41 MP: 5/5
  2429 | D:4      | Found a staircase to the Ecumenical Temple.
  2442 | Temple   | Entered the Ecumenical Temple
  2453 | Temple   | Became a worshipper of Gozag Ym Sagoz the Greedy
  2496 | D:4      | Noticed Dowan
  2497 | D:4      | Noticed Duvessa
  2520 | D:4      | Killed Duvessa
  2521 | D:4      | Gained mutation: You have sharp fingernails. [demonic
                  | ancestry]
  2521 | D:4      | Reached XP level 6. HP: 20/47 MP: 6/6
  2527 | D:4      | Killed Dowan
  2528 | D:4      | Reached skill level 4 in Long Blades
  2626 | D:4      | Found Lyxym's General Store.
  2660 | D:4      | Noticed Natasha
  2666 | D:4      | Killed Natasha
  2694 | D:4      | Bought a scroll of fog for 48 gold pieces
  2830 | D:4      | Noticed Natasha
  2840 | D:4      | Killed Natasha
  2851 | D:4      | Found a blossoming altar of Fedhas.
  2862 | D:4      | Noticed Natasha
  2873 | D:4      | Killed Natasha
  2959 | D:4      | Reached XP level 7. HP: 50/53 MP: 7/7
  3004 | D:4      | Reached skill level 1 in Evocations
  3120 | D:4      | Found a runed translucent door.
  3121 | D:4      | Noticed Crazy Yiuf
  3134 | D:4      | Killed Crazy Yiuf
  3437 | D:5      | Entered Level 5 of the Dungeon
  3598 | D:5      | Noticed Prince Ribbit
  3611 | D:5      | Killed Prince Ribbit
  3612 | D:5      | Reached skill level 5 in Long Blades
  3760 | D:5      | Gained mutation: A meltable icy envelope protects you from
                  | harm. (AC +0) [demonic ancestry]
  3760 | D:5      | Reached XP level 8. HP: 46/60 MP: 8/8
  3833 | D:5      | Found a bloodstained altar of Trog.
  4318 | D:5      | Noticed Ijyb
  4331 | D:5      | Killed Ijyb
  4455 | D:5      | Noticed Eustachio
  4469 | D:5      | Killed Eustachio
  4470 | D:5      | Reached skill level 1 in Stealth
  4544 | D:6      | Reached skill level 6 in Long Blades
  4748 | D:6      | Found an iron altar of Okawaru.
  5210 | D:6      | Reached skill level 5 in Fighting
  5340 | D:7      | Gained mutation: You are mostly covered in yellow scales.
                  | (AC +3) [demonic ancestry]
  5340 | D:7      | Reached XP level 9. HP: 61/68 MP: 9/9
  5433 | D:7      | Noticed Pikel
  5449 | D:7      | Killed Pikel
  5450 | D:7      | Reached skill level 5 in Armour
  5450 | D:7      | Reached skill level 5 in Shields
  5567 | D:7      | Identified the +0 helmet of the End {rPois Int+2}
  5825 | D:7      | Noticed Maggie
  5841 | D:7      | Killed Maggie
  6152 | D:8      | Reached skill level 7 in Long Blades
  6154 | D:8      | Noticed Maurice
  6156 | D:8      | Reached skill level 5 in Evocations
  6186 | D:8      | Killed Maurice
  6220 | D:8      | Reached XP level 10. HP: 71/76 MP: 10/10
  6231 | D:8      | Found a staircase to the Lair.
  6279 | D:8      | Identified a scroll of acquirement
  6279 | D:8      | Acquired 580 gold pieces
  6532 | D:8      | Found a hazy altar of Hepliaklqana.
  6836 | D:8      | Reached skill level 8 in Long Blades
  7603 | D:4      | Bought the +6 plate armour "Feasm" {Will+ Regen+ Int+4
                  | Dex-4} for 787 gold pieces
  8468 | D:9      | Reached skill level 1 in Throwing
  9011 | D:10     | Entered Level 10 of the Dungeon
  9011 | D:10     | Found an ancient bone altar of Kikubaaqudgha.
  9126 | D:10     | Noticed a two-headed ogre
  9128 | D:10     | Killed a two-headed ogre
  9240 | D:10     | Found a portal to a secret trove of treasure.
  9327 | D:10     | Gained mutation: You have very sharp fingernails. [demonic
                  | ancestry]
  9327 | D:10     | Reached XP level 11. HP: 84/84 MP: 11/11
  9554 | D:10     | Reached skill level 9 in Long Blades
  9663 | D:10     | Found Dynergh's General Store.
  9671 | D:10     | Bought a potion of cancellation for 104 gold pieces
  9671 | D:10     | Bought a wand of paralysis (5) for 156 gold pieces
  9671 | D:10     | Bought a scroll of brand weapon for 123 gold pieces
  9671 | D:10     | Bought a scroll of enchant weapon for 97 gold pieces
  9671 | D:10     | Bought a potion of curing for 39 gold pieces
 10722 | D:12     | Found a runed translucent door.
 10752 | D:12     | Identified the +9 dagger "Ziul" {venom, rPois Str+6 Stlth-}
 10946 | D:12     | Found a staircase to the Orcish Mines.
 11139 | D:12     | Noticed Gastronok
 11142 | D:12     | Noticed Psyche
 11149 | D:12     | Noticed Urug
 11150 | D:12     | Killed Psyche
 11151 | D:12     | Noticed Azrael
 11165 | D:12     | Killed from afar by Gastronok

Illustrated notes

Levels and vault maps discovered:
D:1:      dpeg_arrival_round_c, layout_loops_ring
D:2:      layout_loops_ring, shapermc_ecumenical_altar_mp_vishouse,
          minmay_indecisive_spiral
D:3:      minmay_evil_eye, layout_basic, cheibrodos_gnoll_hut
D:4:      layout_cave_pools, lemuel_crystal_altar,
          nicolae_overflow_hidden_temple, mainiacjoe_overflow_catwalk,
          minmay_temple_entry_statues_fountains, serial_shops, shop,
          feat_on_display, uniq_natasha, uniq_crazy_yiuf_cottage, uniq_duvessa
D:5:      layout_gridville, mainiacjoe_overflow_chevrons, lemuel_crystal_altar,
          uniq_eustachio, uniq_ijyb, uniq_prince_ribbit1
D:6:      layout_loops_ring, kennysheep_mini
D:7:      layout_rooms, uniq_maggie, uniq_pikel
D:8:      layout_loops_corners, nicolae_hepliaklqana_hazy_memory,
          due_lair_maze_entry_diamond, serial_co_window_serial,
          co_window_corner_a, co_window_of_opportunity_a, co_window_paths_b,
          co_window_corner_a, co_window_paths_b, co_window_of_opportunity_c,
          co_window_broadway_a, co_window_corner_cb, co_window_2corner,
          co_window_corner_b, co_window_4corner_b, glass_columns_a,
          glass_columns_a, uniq_maurice
D:9:      layout_layer_cave, reono_crystal_passage, glass_columns_b
D:10:     layout_loops_ring, kiku_gazebo_garden_becter, enter_trove_6,
          serial_shops, shop
D:11:     layout_cave_pods, serial_bayou_crossing
D:12:     layout_big_octagon, hiddenorc1_lemuel, ebering_ghost_funeral_grove,
          minmay_strange_pillars, uniq_urug, uniq_psyche, uniq_azrael,
          uniq_gastronok
Temple:   nicolae_temple_great_sept

Skill      XL: |  1  2  3  4  5  6  7  8  9 10 11 |
---------------+----------------------------------+-----
Long Blades    | 2 3 4 5 6 7 8 9 |  9.7
Shields        | 3 4 5 6 7 |  7.0
Dodging        | 1 2 |  2.9
Armour         | 3 4 5 6 |  6.5
Evocations     | 2 3 5 7 |  7.7
Fighting       | 4 5 6 7 8 |  8.0
Stealth        | 2 3 |  3.5
Throwing       | 1 3 |  3.4

Action                   |  1- 3 |  4- 6 |  7- 9 | 10-12 || total
-------------------------+-------+-------+-------+-------++-------
Melee: Long sword        |    98 |    90 |   259 |   131 ||   578
       Scimitar          |       |       |       |   336 ||   336
Throw: Boomerang         |       |       |     5 |     4 ||     9
Evoke: Wand              |       |       |    15 |     9 ||    24
       Box of beasts     |       |       |       |     1 ||     1
  Use: Potion            |     1 |     7 |     1 |       ||     9
       Scroll            |       |       |     6 |    13 ||    19
 Stab: Paralysed         |       |       |     8 |       ||     8
       Distracted        |       |       |     2 |     4 ||     6
Armor: Scale mail        |    50 |     8 |       |       ||    58
       Chain mail        |       |    36 |    71 |       ||   107
       Plate armour      |       |       |    36 |   252 ||   288
Dodge: Dodged            |    42 |    29 |   111 |   224 ||   406
Block: Buckler           |    44 |    61 |   117 |   295 ||   517
